 Dungeon Crawl Stone Soup version 0.32-a0-422-g28b100f618 (webtiles) character file.

Game seed: 1226764161347979327

1538126 Daunt the Worldbinder (level 26, 244/244 HPs)
             Began as a Mountain Dwarf Summoner on Feb 21, 2024.
             Was a High Priest of Sif Muna.
             Escaped with the Orb
             ... and 3 runes on Feb 22, 2024!
             The game lasted 10:19:57 (80962 turns).

Daunt the Worldbinder (Mountain Dwarf Summoner)    Turns: 80962, Time: 10:19:58

Health: 244/244    AC: 40    Str: 20      XL:     26   Next: 0%
Magic:  49/49      EV: 13    Int: 29 (30) God:    Sif Muna [*****.]
Gold:   2920       SH:  0    Dex: 11      Spells: 2/52 levels left

rFire   + + +        a - +9 lajatang of Midsummer {heavy, rElec rF+ Int+4 Dex+3}
rCold   + + .        (shield currently unavailable)
rNeg    . . .        r - +4 gold dragon scales
rPois   +            U - +2 helmet of Tortured Creativity {Regen+ Str+2 Slay+3}
rElec   +            Q - scarf "Yggoerph" {repulsion, Rampage Will+ Int+3}
rCorr   .            s - +1 pair of gloves {hurl}
SInv    .            e - +2 pair of boots of Untruth {rElec rF+ MP+9 Int+2}
Will    +++..        F - amulet "Builua Suro" {Acrobat rElec rC+} Stlth
                     w - ring of Midsummer {+Blink AC+4}
HPRegen 1.40/turn    q - +5 ring of evasion
MPRegen 0.31/turn

%: repel missiles, acrobat, rampage
@: studying 2 skills
A: runic magic, artefact enchanting, clumsy 1, screaming 1
0: Orb of Zot
}: 3/15 runes: decaying, slimy, gossamer
a: Renounce Religion, Evoke Blink, Channel Magic, Forget Spell, Divine Exegesis


You escaped.
You worshipped Sif Muna.
Sif Muna was extremely pleased with you.
You visited 10 branches of the dungeon, and saw 51 of its levels.
You also visited: Trove, Bailey, Gauntlet and Ice Cave.

You collected 6982 gold pieces.
You spent 4062 gold pieces at shops.

Inventory:

Hand Weapons
 a - the +9 lajatang of Midsummer (weapon) {heavy, rElec rF+ Int+4 Dex+3}
   (You found it on level 1 of the Spider Nest)

   Int+4:     It affects your intelligence (+4).
   Dex+3:     It affects your dexterity (+3).
   rF+:       It protects you from fire.
   rElec:     It insulates you from electricity.
Missiles
 j - 8 curare-tipped darts
 P - 3 datura-tipped darts
Armour
 e - the +2 pair of boots of Untruth (worn) {rElec rF+ MP+9 Int+2}
   (You found it in a treasure trove)

   Int+2:     It affects your intelligence (+2).
   rF+:       It protects you from fire.
   rElec:     It insulates you from electricity.
   MP+9:      It affects your magic capacity (+9).
 r - +4 gold dragon scales (worn)
 s - a +1 pair of gloves of hurling (worn)
 Q - the scarf "Yggoerph" (worn) {repulsion, Rampage Will+ Int+3}
   (You found it on level 10 of the Dungeon)

   Int+3:     It affects your intelligence (+3).
   Will+:     It increases your willpower.
   Rampage:   It bestows one free step when moving towards enemies.
 U - the +2 helmet of Tortured Creativity (worn) {Regen+ Str+2 Slay+3}
   (You found it in a treasure trove)

   Str+2:     It affects your strength (+2).
   Slay+3:    It affects your accuracy & damage with ranged weapons and melee
   (+3).
   Regen+:    It increases your rate of health regeneration.
Jewellery
 p - a ring of willpower
 q - a +5 ring of evasion (right hand)
 w - the ring of Midsummer (left hand) {+Blink AC+4}
   (You took it off a deep elf elementalist on level 3 of the Elven Halls)

   [ring of protection]

   AC+4:      It affects your AC (+4).
   +Blink:    It lets you blink.
 F - the amulet "Builua Suro" (around neck) {Acrobat rElec rC+}
   (You found it in a Gauntlet)

   [amulet of the acrobat]

   Acrobat:   It increases your evasion while moving and waiting.
   rC+:       It protects you from cold.
   rElec:     It insulates you from electricity.
 G - a ring of ice
 I - the ring "Matt" {rF+ Str+2 Dex+2 Slay+2 SInv}
   (You took it off a deep elf death mage on level 3 of the Elven Halls)

   [ring of see invisible]

   Str+2:     It affects your strength (+2).
   Dex+2:     It affects your dexterity (+2).
   Slay+2:    It affects your accuracy & damage with ranged weapons and melee
   (+2).
   rF+:       It protects you from fire.
   SInv:      It lets you see invisible.
 O - an amulet of regeneration
Wands
 g - a wand of digging (5)
 E - a wand of paralysis (62)
 H - a wand of roots (68)
 K - a wand of polymorph (21)
 L - a wand of quicksilver (41)
 X - a wand of mindburst (45)
Scrolls
 c - 4 scrolls of summoning
 d - 11 scrolls of teleportation
 l - 7 scrolls of fear
 m - 3 scrolls of revelation
 t - 13 scrolls of immolation
 v - 8 scrolls of vulnerability
 x - a scroll of amnesia
 y - 5 scrolls of silence
 D - 7 scrolls of blinking
 R - 8 scrolls of fog
Potions
 b - a potion of magic
 f - 3 potions of cancellation
 h - 5 potions of invisibility
 i - 8 potions of brilliance
 k - 8 potions of heal wounds
 n - 8 potions of attraction
 o - 9 potions of mutation
 z - 5 potions of berserk rage
 B - 16 potions of lignification
 C - 19 potions of curing
 J - 8 potions of enlightenment
 M - 12 potions of haste
 T - 7 potions of ambrosia
 V - 8 potions of might
 Y - 4 potions of resistance
Miscellaneous
 u - a lightning rod (4/4)
 S - a condenser vane
 W - a phial of floods
 Z - a phantom mirror


   Skills:
 * Level 21.2 Fighting
 - Level 6.3(10.1) Polearms
 - Level 13.3(14.0) Staves
 * Level 18.0 Armour
 + Level 10.6 Dodging
 - Level 1.4 Stealth
 - Level 6.0 Shields
 - Level 13.8 Spellcasting
 - Level 15.0 Conjurations
 - Level 22.0 Summonings
 - Level 10.0 Translocations
 - Level 8.0 Fire Magic
 - Level 10.2 Earth Magic
 - Level 17.4 Invocations
 - Level 10.0 Evocations


You had 2 spell levels left.
You knew the following spells:

 Your Spells              Type           Power      Damage    Failure   Level
a - Bombard               Conj/Erth      37%        9d7       5%          6
b - Blink                 Tloc           100%       N/A       1%          2
c - Call Canine Familiar  Summ           99%        N/A       0%          3
g - Passage of Golubria   Tloc           67%        N/A       1%          4
h - Summon Horrible Thin  Summ           49%        N/A       4%          8
l - Lesser Beckoning      Tloc           100%       N/A       1%          2
m - Manifold Assault      Tloc           67%        N/A       1%          4
n - Animate Armour        Summ/Erth      100%       N/A       1%          4
p - Passwall              Erth           68%        N/A       1%          3
s - Spellforged Servitor  Conj/Summ      45%        N/A       2%          7
y - Malign Gateway        Summ/Tloc      42%        N/A       8%          7

Your spell library contained the following spells:

 Spells                   Type           Power      Damage    Failure   Level
 Magic Dart               Conj           100%       1d8       0%          1
 Summon Small Mammal      Summ           100%       N/A       0%          1
 Call Imp                 Summ           100%       N/A       0%          2
 Apportation              Tloc           100%       N/A       1%          1
 Foxfire                  Conj/Fire      100%       2x1d9     1%          1
 Kiss of Death            Conj/Necr      100%       2d13      1%          1
 Sandblast                Erth           100%       2d20      1%          1
 Shock                    Conj/Air       100%       1d9       1%          1
 Sting                    Conj/Alch      100%       1d9       1%          1
 Momentum Strike          Conj/Tloc      100%       3d10      1%          2
 Scorch                   Fire           100%       2d9       1%          2
 Searing Ray              Conj           100%       2d8       1%          2
 Static Discharge         Conj/Air       100%       3-8/arc   1%          2
 Freeze                   Ice            80%        1d9       6%          1
 Necrotise                Necr           80%        1d8       6%          1
 Slow                     Hex            80%        N/A       6%          1
 Cigotuvi's Dreadful Rot  Necr/Alch/Air  40%        N/A       10%         2
 Ensorcelled Hibernation  Hex/Ice        40%        N/A       10%         2
 Jinxbite                 Hex            40%        N/A       10%         2
 Mercury Vapours          Alch/Air       40%        N/A       10%         2
 Sublimation of Blood     Necr           20%        N/A       10%         2
 Dazzling Flash           Conj/Hex       100%       N/A       1%          3
 Gell's Gravitas          Tloc           67%        N/A       1%          3
 Hailstorm                Conj/Ice       59%        3d11      1%          3
 Stone Arrow              Conj/Erth      100%       3d13      1%          3
 Summon Ice Beast         Ice/Summ       71%        N/A       1%          3
 Teleport Other           Tloc           67%        N/A       1%          3
 Volatile Blastmotes      Fire/Tloc      100%       2d18      1%          3
 Brom's Barrelling Bould  Conj/Erth      75%        2d9       1%          4
 Flame Wave               Conj/Fire      72%        2d16      1%          4
 Iskenderun's Mystic Bla  Conj/Tloc      75%        2d15      1%          4
 Martyr's Knell           Necr/Summ      71%        N/A       1%          4
 Summon Blazeheart Golem  Fire/Summ      82%        N/A       1%          4
 Summon Lightning Spire   Summ/Air       71%        N/A       1%          4
 Fireball                 Conj/Fire      36%        3d15      1%          5
 Iskenderun's Battlesphe  Conj           82%        2d13      1%          5
 Summon Forest            Summ/Tloc      42%        N/A       1%          5
 Summon Mana Viper        Hex/Summ       71%        N/A       1%          5
 Summon Cactus Giant      Summ           49%        N/A       1%          6
 Monstrous Menagerie      Summ           49%        N/A       1%          7
 Summon Hydra             Summ           49%        N/A       1%          7
 Mephitic Cloud           Conj/Alch/Air  49%        N/A       2%          3
 Lee's Rapid Deconstruct  Erth           34%        3d17*     2%          5
 Inner Flame              Hex/Fire       43%        N/A       3%          3
 Dimensional Bullseye     Hex/Tloc       24%        N/A       8%          4
 Leda's Liquefaction      Alch/Erth      24%        N/A       8%          4
 Petrify                  Alch/Erth      49%        N/A       8%          4
 Vhi's Electric Charge    Tloc/Air       98%        N/A       8%          4
 Arcjolt                  Conj/Air       29%        1d39      8%          5
 Irradiate                Conj/Alch      29%        3d21      8%          5
 Starburst                Conj/Fire      36%        6d11      9%          6
 Orb of Destruction       Conj           41%        9d11      11%         7
 Ignite Poison            Fire/Alch      43%        N/A       12%         4
 Sticky Flame             Fire/Alch      43%        2d8       12%         4
 Dispersal                Tloc           33%        N/A       16%         6
 Confusing Touch          Hex            20%        N/A       19%         3
 Frozen Ramparts          Ice            40%        1d7       19%         3
 Fugue of the Fallen      Necr           20%        N/A       19%         3
 Ozocubu's Armour         Ice            20%        N/A       19%         3
 Sigil of Binding         Hex            20%        N/A       19%         3
 Swiftness                Air            20%        N/A       19%         3
 Vampiric Draining        Necr           20%        2d7       19%         3
 Borgnjor's Vile Clutch   Necr/Erth      24%        N/A       22%         5
 Freezing Cloud           Conj/Ice/Air   24%        6-21      22%         5
 Conjure Ball Lightning   Conj/Air       29%        3x3d8     41%         6
 Haunt                    Necr/Summ      35%        N/A       50%         7
 Airstrike                Air            10%        2d(2-18)  52%         4
 Anguish                  Hex/Necr       10%        N/A       52%         4
 Animate Dead             Necr           20%        N/A       52%         4
 Cause Fear               Hex            10%        N/A       52%         4
 Dispel Undead            Necr           20%        3d11      52%         4
 Dragon's Call            Summ           49%        N/A       58%         9
 Alistair's Intoxication  Alch           13%        N/A       86%         5
 Curse of Agony           Necr           20%        N/A       86%         5
 Metabolic Englaciation   Hex/Ice        10%        N/A       86%         5
 Silence                  Hex/Air        10%        N/A       86%         5
 Yara's Violent Unravell  Hex/Alch       10%        3d6       86%         5
 Plasma Beam              Fire/Air       21%        2x1d33    88%         6
 Lehudib's Crystal Spear  Conj/Erth      37%        10d9      92%         8
 Death Channel            Necr           10%        N/A       100%        6
 Eringya's Noxious Bog    Alch           10%        4d6       100%        6
 Sculpt Simulacrum        Ice/Alch       10%        N/A       100%        6
 Enfeeble                 Hex            10%        N/A       100%        7
 Ozocubu's Refrigeration  Ice            10%        4d9       100%        7
 Discord                  Hex            10%        N/A       100%        8
 Disjunction              Tloc           33%        N/A       100%        8
 Ignition                 Fire           30%        3d10      100%        8
 Infestation              Necr           10%        N/A       100%        8
 Maxwell's Capacitive Co  Air            10%        ∞         100%        8
 Chain Lightning          Conj/Air       29%        3d39      100%        9
 Fire Storm               Conj/Fire      36%        8d9       100%        9
 Shatter                  Erth           34%        3d27*     100%        9


Dungeon Overview and Level Annotations

Branches:
Dungeon (15/15)            Temple (0/1) D:5            Lair (5/5) D:11
  Swamp (4/4) Lair:3       Spider (4/4) Lair:3        Slime (5/5) Lair:4
    Orc (2/2) D:12            Elf (3/3) Orc:2        Vaults (4/5) D:13
  Crypt (0/3) Vaults:3     Depths (4/4) D:15            Zot (5/5) Depths:4
 Bailey (visited)           IceCv (visited)         Gauntlet (visited)

Altars:
Elyvilon
Kikubaaqudgha
Makhleb
Qazlal
Sif Muna
Trog
Uskayaw
Vehumet
Yredelemnul
The Shining One
Beogh

Shops:
D:1 *   D:4 :   D:5 *   D:7 *   D:14 !   Orc:2 (:[*   Vaults:2 (

Portals:
Hell: Depths:1 Depths:2 Depths:3 Depths:4
Abyss: Depths:3 Depths:4
Pandemonium: Depths:1 Depths:2
Ziggurat: Depths:2

Annotations:
D:8 eel
Depths:2 exclusions: glass eye, shining eye and 1 more exclusion
Depths:3 2 transporters shatter


Innate Abilities, Weirdness & Mutations

Your spellcasting is much less encumbered by armour.
You can use scrolls of enchantment on lesser artefacts.
You are clumsy. (Dex -2)
You occasionally shout uncontrollably at your foes.


Message History

Unknown command.
Things that are here:
a +0 ring mail; a +1 spear of flaming
There is a stone staircase leading up, spattered with blood here.
You climb upwards.
HP restored.
There is a stone staircase leading down here.
Magic restored.
There is a stone staircase leading up here.
You climb upwards.
There is a stone staircase leading down here.
There is a stone staircase leading up here.
You climb upwards.
There is a stone staircase leading down here.
There is a stone staircase leading up here.
You climb upwards.
There is a stone staircase leading down here.
You see here a quokka skeleton.
There is a stone staircase leading up here.
You see here a +1 dagger of venom.
You see here a +0 war axe.
There is a stone staircase leading up here.
You climb upwards.
There is a stone staircase leading down here.
There is a stone staircase leading up, spattered with blood here.
You climb upwards.
There is a stone staircase leading down here. 3 hell hounds come into view.
The hell hound moves out of view. x3
Aiming: Dig
Press: ? - help, Shift-Dir - straight line, f - you Please select a direction to dig.
This square is covered in magical glow.
The rock shatters into small pieces.
Press: ? - help, v - describe, . - travel A staircase leading out of the dungeon.
Unknown command.
Blink to where?
Press: ? - help, Dir - move target
As you read the scroll of blinking, it crumbles to dust.
You have escaped!

### ############ ..#
#####.)...b....# ..#
#.....##'#####.#
..####.###.#~..♣♣ #.#
.....h...#.#~...♣♣#.#
######.#.#.#≈...@♣#.#
.....#h..#.#~....♣#.#
.......h##.#≈~.P.♣#.#
.###.##.##.#~~~...#.#
.......>h..h.~≈~..'.#
.###....#.##.~P~.<###
...####.#..'P~P~~.#
...# #.####.~PP~~#
...# #.# #.~~PP~#


You could see a hell hound.

Vanquished Creatures
  the Royal Jelly (Slime:5)
  3 orbs of fire (Zot:5)
  Mara (Swamp:4)
  A juggernaut (Depths:4)
  Vv (Zot:3)
  3 Killer Klowns
  Boris (twice) (Vaults:1 Depths:1)
  Saint Roka (Elf:2)
  4 golden dragons
  A Brimstone Fiend (Zot:4)
  An electric golem (Zot:5)
  5 tentacled monstrosities
  2 Ice Fiends
  A deep elf master archer (Elf:3)
  2 liches
  A deep elf blademaster (Elf:1)
  9 quicksilver dragons
  14 Orb Guardians
  11 acid blobs
  3 sphinxes
  Gastronok (Lair:2)
  The ghost of mdonais the Warrior, an adept CoHu of Okawaru (Spider:2)
  2 thorn hunters
  2 tengu reavers (Vaults:2)
  4 death cobs
  11 storm dragons
  Roxanne (Swamp:4)
  7 azure jellies
  A fenstrider witch (Swamp:4)
  2 shadow dragons
  3 protean progenitors (Zot:1)
  2 draconian monks
  15 rockslimes
  3 fire giants
  3 draconian knights
  6 frost giants
  5 deep elf sorcerers (Elf:3)
  An iron dragon (Depths:2)
  8 ghost moths
  2 draconian shifters (Zot:1)
  2 deep elf elementalists (Elf:3)
  A draconian scorcher (Zot:1)
  8 vault wardens
  A broodmother (Spider:2)
  2 reapers
  An orc warlord (Vaults:4)
  2 draconian stormcallers
  2 draconian annihilators
  3 quicksilver oozes
  7 formless jellyfish
  7 deep elf death magi
  2 very ugly things (Depths:4)
  16 ironbound preservers
  8 stone giants
  2 vampire knights
  4 green draconians
  5 ironbound thunderhulks
  5 eleionomae
  2 black draconians
  5 deep elf annihilators (Elf:3)
  4 spark wasps
  The ghost of ojifijod the Severer, a journeyman CoCK of Makhleb (Lair:4)
  5 deep elf demonologists
  3 yellow draconians
  6 bunyips
  A dire elephant (Vaults:4)
  A minotaur (Gauntlet)
  5 white draconians
  13 purple draconians
  7 red draconians
  A war gargoyle (Vaults:4)
  10 ettins
  Snorg (D:12)
  3 crystal guardians
  3 entropy weavers
  3 blizzard demons
  7 yaktaur captains
  3 fire dragons
  2 vault guards
  A rakshasa (Depths:2)
  6 deep elf high priests (Elf:3)
  5 great orbs of eyes
  An ice dragon (Depths:2)
  A hydra (Lair:2)
  A jorogumo (Spider:2)
  2 peacekeepers
  2 ironbound frosthearts (Vaults:4)
  6 alligators
  A sphinx zombie (Depths:3)
  5 ghost crabs
  3 spriggan air magi
  3 ogre magi (Swamp:4)
  3 two-headed ogres
  22 centaur warriors
  20 dancing weapons
  3 hell hogs (Depths:1)
  2 boulder beetles
  A spriggan berserker (Depths:3)
  A vampire mage (Depths:1)
  5 deep troll shamans
  3 tengu warriors (Depths:2)
  A death scarab (Gauntlet)
  4 demonic crawlers
  6 deep troll earth magi
  3 soul eaters (Swamp:4)
  2 occultists
  A skyshark (Lair:5)
  2 pharaoh ants
  A titan skeleton (Vaults:1)
  A hell knight (Depths:4)
  12 deep elf knights
  2 sixfirhies
  2 spriggan druids
  A death drake (shapeshifter) (Elf:3)
  A goliath frog (Swamp:2)
  A bog body (Swamp:3)
  A death drake (Swamp:3)
  3 glowing orange brains
  3 iron trolls
  A deep troll (shapeshifter) (Depths:4)
  A sun moth (Spider:4)
  3 orb spiders
  5 arcanists
  32 deep trolls
  2 swamp dragons
  7 deep elf archers
  3 harpies (Vaults:4)
  9 ironbound convokers
  6 orc knights
  A phantasmal warrior (Vaults:3)
  15 deep elf zephyrmancers
  A flayed ghost (Depths:3)
  5 necromancers
  16 lindwurms
  3 steelbarb worms
  3 orc sorcerers
  10 will-o-the-wisps
  7 wolf spiders
  20 deep elf pyromancers
  4 shining eyes
  14 moths of wrath
  Maurice (D:12)
  17 ugly things
  A manticore (D:11)
  2 large abominations (Elf:1)
  A fire giant skeleton (Depths:1)
  8 meliai
  An eye of devastation (shapeshifter) (Depths:4)
  An elephant (Lair:5)
  2 eyes of devastation (Slime:4)
  A rust devil (Depths:2)
  2 ice statues (IceCv)
  6 black mambas
  A gargoyle (D:8)
  A smoke demon (Depths:3)
  2 kobold blastminers (Orc:2)
  14 vault sentinels
  4 torpor snails
  2 unseen horrors (D:12)
  2 cane toads
  A hellion (Zot:4)
  2 komodo dragons (Lair:1)
  3 orange demons (Swamp:4)
  23 yaktaurs
  A freezing wraith (IceCv)
  A rime drake (Lair:5)
  6 tengu conjurers
  4 anaconda simulacra (IceCv)
  8 ice devils
  5 trolls
  A human skeleton (Vaults:1)
  7 polar bears
  A golden dragon simulacrum (Depths:3)
  A bloated husk (Swamp:2)
  4 hellwings (Swamp:4)
  13 hornets
  10 tarantellas
  11 tyrant leeches
  15 blink frogs
  2 nameless horrors
  A raiju (Lair:5)
  A glass eye (Slime:5)
  A dream sheep (shapeshifter) (Depths:4)
  3 culicivoras
  59 slime creatures
  2 shadows (Gauntlet)
  19 jumping spiders
  8 spriggans
  2 wraiths
  3 water elementals
  A basilisk (Lair:1)
  2 wyverns
  22 yaks
  A fire elemental (Elf:2)
  24 redbacks
  4 golden eyes
  2 steam dragons
  2 wargs
  2 harpy simulacra (IceCv)
  8 vampire mosquitoes
  A neqoxec (D:12)
  4 chaos spawn (Swamp:4)
  19 swamp worms
  3 hydra simulacra (IceCv)
  3 acid dragons
  6 water moccasins
  3 hell hounds
  A glowing shapeshifter skeleton (Depths:3)
  17 orc warriors
  3 ice beasts (D:11)
  2 sky beasts
  2 black bears
  A crocodile (shapeshifter) (Depths:1)
  8 wolves
  8 ogres
  3 boggarts (Vaults:3)
  A centaur (D:9)
  A phantom (D:4)
  An elf zombie (Elf:1)
  2 bullfrogs
  A glowing shapeshifter simulacrum (Vaults:1)
  4 earth elementals
  4 scorpions (Lair:3)
  6 gnoll sergeants (Bailey)
  9 wights
  3 killer bees
  2 electric eels
  2 howler monkeys (D:9)
  A hound (D:6)
  A jelly (D:6)
  3 gnoll boudas
  5 orc priests
  A sleepcap (D:6)
  4 hell rats
  An iguana (D:5)
  5 orc wizards
  A polar bear simulacrum (IceCv)
  A spriggan simulacrum (IceCv)
  5 gnolls
  An adder (D:6)
  A naga simulacrum (IceCv)
  5 river rats (Lair:1)
  A shadow imp (D:7)
  3 white imps
  A ribbon worm (Lair:3)
  The ghost of Bravepunisher the Changeling, a weakling SpSh (D:4)
  38 orcs
  A ball python (D:2)
  An endoplasm (D:2)
  3 giant cockroaches
  2 goblins
  3 hobgoblins
  A kobold (D:2)
  2 quokkas
  3 bats
  A rat (D:3)
  An aspiring flesh (Zot:1)
  A spectral weapon (Zot:5)
1196 creatures vanquished.

Vanquished Creatures (collateral kills)
  A dread lich (Zot:5)
  6 orbs of fire
  2 ancient liches (Zot:5)
  2 juggernauts
  Sojobo (Vaults:2)
  Boris (Depths:2)
  3 Killer Klowns
  2 golden dragons
  A bone dragon (Depths:4)
  An electric golem (Zot:5)
  Jorgrun (Swamp:1)
  The ghost of Vaixt the Severer, an adept DsGl of Jiyva (Elf:1)
  A hellephant (Depths:1)
  7 tentacled monstrosities
  14 Orb Guardians
  A lich (Depths:2)
  2 quicksilver dragons
  3 deep elf master archers (Elf:3)
  A sphinx (Depths:3)
  Asterion (Vaults:3)
  A death cob (Zot:5)
  4 deep elf blademasters
  3 eldritch tentacles
  5 acid blobs (Slime:5)
  Donald (Elf:1)
  Aizul (Elf:2)
  3 storm dragons
  A thorn hunter (Swamp:2)
  5 azure jellies
  10 rockslimes
  3 emperor scorpions
  3 fenstrider witches
  4 protean progenitors
  7 draconian monks
  3 draconian knights
  3 fire giants (Depths:4)
  5 draconian shifters
  3 vault wardens
  A deep elf elementalist (Elf:2)
  4 draconian scorchers
  2 frost giants (Depths:3)
  3 deep elf sorcerers (Elf:3)
  2 orc warlords
  A draconian annihilator (Zot:1)
  6 draconian stormcallers
  A ghost moth (Zot:5)
  A cacodemon (Depths:1)
  4 quicksilver oozes
  An ironbound preserver (Vaults:1)
  3 broodmothers
  An ironbound thunderhulk (Vaults:4)
  3 stone giants (Depths:1)
  An eleionoma (Swamp:2)
  2 vampire knights
  A deep elf death mage (Elf:3)
  9 green draconians
  A very ugly thing (Depths:4)
  10 black draconians
  3 yellow draconians
  13 purple draconians
  3 deep elf annihilators (Elf:3)
  5 red draconians
  5 white draconians
  A war gargoyle (Vaults:2)
  3 spark wasps
  An ettin (Depths:1)
  An eidolon (Vaults:3)
  A shambling mangrove (Swamp:2)
  3 deep elf high priests (Elf:3)
  5 ice dragons
  5 fire dragons
  5 entropy weavers
  A vault guard (Vaults:2)
  Fannar (D:12)
  2 rakshasas
  A peacekeeper (Vaults:2)
  A spriggan air mage (Depths:4)
  2 ironbound frosthearts
  12 centaur warriors
  8 hydras
  2 ghost crabs (Spider:3)
  2 alligators
  6 boulder beetles
  An ogre mage (D:15)
  2 radroaches
  10 dancing weapons
  3 deep troll shamans (Depths:1)
  A hell hog (Lair:5)
  3 two-headed ogres
  2 tengu warriors
  9 demonic crawlers
  3 spriggans
  2 deep troll earth magi (Depths:1)
  3 orc high priests
  A spriggan berserker (Depths:4)
  A deep elf knight (Elf:2)
  A spectral death yak (Gauntlet)
  A skyshark (Lair:5)
  4 iron trolls
  2 pharaoh ants
  5 skeletal warriors (D:15)
  3 spriggan druids
  A goliath frog (Swamp:2)
  22 deep trolls
  2 glowing orange brains
  A deep troll (shapeshifter) (Depths:3)
  4 orb spiders
  2 arcanists
  A shadow demon (Depths:1)
  A sun moth (Spider:2)
  2 bog bodies (Swamp:1)
  2 swamp dragons
  3 deep elf archers
  2 harpies (Vaults:4)
  4 ironbound convokers
  6 steelbarb worms
  2 lindwurms
  12 deep elf pyromancers
  7 deep elf zephyrmancers
  5 orc knights
  A human zombie (Vaults:1)
  A frost giant zombie (Depths:1)
  2 orc sorcerers (Orc:1)
  14 wolf spiders
  2 shining eyes (Slime:5)
  7 cyclopes
  21 ugly things
  5 moths of wrath
  3 elephants (Lair:5)
  2 manticores
  A guardian serpent (shapeshifter) (D:15)
  An eye of devastation (Slime:2)
  A gargoyle (D:14)
  2 frost giant skeletons
  2 meliai
  4 black mambas (Lair:5)
  4 kobold blastminers
  8 torpor snails
  2 vault sentinels
  7 cane toads
  2 rime drakes
  A yaktaur (Vaults:1)
  4 tengu conjurers
  9 komodo dragons
  A golden dragon simulacrum (Depths:3)
  A queen bee (shapeshifter) (D:13)
  2 trolls
  8 polar bears
  6 tyrant leeches
  A wind drake (shapeshifter) (D:14)
  5 hornets
  17 tarantellas
  3 glass eyes
  15 blink frogs
  A raiju (Lair:5)
  A centaur simulacrum (D:14)
  6 culicivoras
  2 shadows (D:13)
  12 jumping spiders
  39 slime creatures
  A ynoxinul (Depths:1)
  A vampire (D:11)
  17 yaks
  A water elemental (Elf:2)
  2 wyverns
  6 wraiths
  2 steam dragons
  3 golden eyes
  A human (shapeshifter) (D:14)
  9 wargs
  2 basilisks (Lair:2)
  25 redbacks
  6 vampire mosquitoes
  2 swamp worms
  2 acid dragons (D:13)
  14 hell hounds
  10 water moccasins
  2 nameless horrors
  A hydra simulacrum (IceCv)
  13 black bears
  A swamp drake (Swamp:2)
  A laughing skull (D:13)
  12 orc warriors
  2 sky beasts
  4 ice beasts
  5 ogres
  22 wolves
  3 centaurs
  2 boggarts
  7 bullfrogs
  3 gnoll sergeants
  A human simulacrum (Depths:3)
  11 wights
  7 killer bees
  2 howler monkeys (D:9)
  An electric eel (Lair:1)
  A jelly (D:5)
  4 hounds
  A bombardier beetle (D:4)
  2 gnoll boudas (Bailey)
  7 orc priests
  An iguana (D:4)
  11 orc wizards
  2 sleepcaps
  5 hell rats
  A killer bee simulacrum (D:8)
  19 gnolls
  4 river rats (Lair:1)
  5 adders
  A naga simulacrum (IceCv)
  2 shadow imps
  3 white imps
  A howler monkey simulacrum (D:8)
  2 ufetubi (D:6)
  3 ribbon worms
  4 dart slugs
  36 orcs
  5 endoplasms
  5 giant cockroaches
  8 goblins
  6 hobgoblins
  2 quokkas
  10 ball pythons
  5 bats
  6 frilled lizards (D:1)
  A kobold (D:1)
  2 rats
  3 aspiring fleshes
1000 creatures vanquished.

Vanquished Creatures (others)
  29 eldritch tentacles
  A fire giant (Depths:1)
  A deep elf knight (Elf:2)
  An ironbound convoker (Vaults:4)
  2 deep elf zephyrmancers (Elf:1)
  A deep elf pyromancer (Elf:1)
  An ugly thing (Vaults:4)
  2 bloated husks (Swamp:2)
  A sky beast (D:8)
  A swamp drake (Swamp:2)
  An orc priest (Elf:2)
  An orc (D:8)
  129 blazeheart cores
  35 foxfires
206 creatures vanquished.

Grand Total: 2402 creatures vanquished

Notes
Turn   | Place    | Note
-------+----------+-------------------------------------------
     0 | D:1      | Daunt the Mountain Dwarf Summoner began the quest for the
                  | Orb.
     0 | D:1      | Reached XP level 1. HP: 14/14 MP: 3/3
   147 | D:1      | Reached skill level 1 in Fighting
   174 | D:1      | Reached XP level 2. HP: 23/23 MP: 1/4
   436 | D:1      | Learned a level 2 spell: Call Imp
   650 | D:1      | Found Fifuxeoj's General Store.
   792 | D:1      | Reached XP level 3. HP: 29/29 MP: 1/5
   914 | D:1      | Learned a level 3 spell: Call Canine Familiar
  1276 | D:1      | Bought a potion of curing for 33 gold pieces
  1637 | D:2      | Reached XP level 4. HP: 37/37 MP: 4/7
  2017 | D:2      | Reached skill level 5 in Summonings
  2186 | D:1      | Bought a potion of heal wounds for 55 gold pieces
  2662 | D:2      | Reached XP level 5. HP: 16/46 MP: 0/8
  3690 | D:3      | Reached XP level 6. HP: 53/53 MP: 3/9
  3782 | D:3      | Found a hide-covered altar of Uskayaw.
  3811 | D:4      | Noticed Bravepunisher's ghost (weakling SpSh)
  3811 | D:4      | Found a transporter.
  3821 | D:4      | Reached skill level 6 in Summonings
  3888 | D:1      | Bought a scroll of revelation for 82 gold pieces
  3935 | D:4      | Found Deratahe's Book Boutique.
  3964 | D:4      | Reached skill level 1 in Polearms
  3968 | D:4      | Reached skill level 5 in Fighting
  3968 | D:4      | Reached XP level 7. HP: 61/61 MP: 4/10
  4150 | D:1      | Bought a potion of degeneration for 11 gold pieces
  4208 | D:4      | Found a stormy altar of Qazlal.
  4330 | D:4      | Found a transporter.
  4605 | D:4      | Found a shimmering blue altar of Sif Muna.
  4637 | D:4      | Became a worshipper of Sif Muna the Loreminder
  4889 | D:4      | Reached XP level 8. HP: 60/70 MP: 6/12
  5041 | D:4      | Found the +1 Delatra's gloves {ID++}
  5114 | D:5      | Entered Level 5 of the Dungeon
  5130 | D:5      | Found a burning altar of Makhleb.
  5225 | D:5      | Found a staircase to the Ecumenical Temple.
  5318 | D:5      | Reached skill level 5 in Polearms
  5480 | D:5      | Found a radiant altar of Vehumet.
  5540 | D:5      | Learned a level 4 spell: Summon Blazeheart Golem
  5643 | D:5      | Found Diomargh's General Store.
  6361 | D:6      | Reached skill level 5 in Fire Magic
  6447 | D:6      | Reached * piety under Sif Muna
  6866 | D:6      | Reached skill level 1 in Invocations
  6866 | D:6      | Reached XP level 9. HP: 70/73 MP: 7/15
  7464 | D:5      | Bought a potion of haste for 140 gold pieces
  7691 | D:7      | Reached ** piety under Sif Muna
  7773 | D:7      | Reached skill level 5 in Invocations
  8201 | D:7      | Identified the +8 long sword of Diurio {flame, rPois SInv}
  8368 | D:7      | Found Gunleehixte's Assorted Antiques.
  9076 | D:8      | Found a basalt altar of Yredelemnul.
  9326 | D:8      | Reached skill level 10 in Fighting
  9392 | D:8      | Noticed a gargoyle
  9401 | D:8      | Killed a gargoyle
  9402 | D:8      | Reached XP level 10. HP: 78/94 MP: 8/16
  9595 | D:8      | Reached skill level 5 in Spellcasting
  9728 | D:8      | Reached *** piety under Sif Muna
 10353 | D:8      | Reached skill level 1 in Evocations
 10356 | D:8      | Got the Grimoire of Blustery Bad Luck
 10550 | D:5      | Bought a scroll of blinking for 105 gold pieces
 10833 | D:9      | Found a white marble altar of Elyvilon.
 10873 | D:9      | Reached skill level 5 in Evocations
 10876 | D:9      | Reached skill level 1 in Armour
 11096 | D:9      | Found a flagged portal.
 11151 | Bailey   | Entered a bailey
 11324 | Bailey   | Reached skill level 5 in Armour
 11338 | Bailey   | Reached **** piety under Sif Muna
 11531 | Bailey   | Reached XP level 11. HP: 82/101 MP: 20/20
 11731 | Bailey   | Identified the +5 spear "Heskiffi" {protect, rF+}
 11940 | D:9      | Reached skill level 1 in Shields
 12248 | D:10     | Entered Level 10 of the Dungeon
 12382 | D:10     | Found a glowing golden altar of the Shining One.
 12452 | D:10     | Noticed a two-headed ogre
 12466 | D:10     | Killed a two-headed ogre
 12996 | D:10     | Identified the scarf "Yggoerph" {repulsion, Rampage Will+
                  | Int+3}
 13148 | D:11     | Reached skill level 5 in Shields
 13344 | D:11     | Found a staircase to the Lair.
 13403 | D:11     | Found a gate leading to a gauntlet.
 13420 | Gauntlet | Entered a Gauntlet
 13420 | Gauntlet | Noticed a death scarab
 13420 | Gauntlet | Found a transporter.
 13423 | Gauntlet | Found a transporter.
 13425 | Gauntlet | Found a transporter.
 13429 | Gauntlet | Found a runed translucent door.
 13429 | Gauntlet | Found a runed translucent door.
 13440 | Gauntlet | Found a transporter.
 13442 | Gauntlet | Found a transporter.
 13446 | Gauntlet | Found a runed translucent door.
 13446 | Gauntlet | Noticed a blizzard demon
 13448 | Gauntlet | Found a runed translucent door.
 13451 | Gauntlet | Found a transporter.
 13467 | Gauntlet | Found a transporter.
 13467 | Gauntlet | Noticed a hell beast
 13474 | Gauntlet | Noticed a dire elephant
 13476 | Gauntlet | Found a runed translucent gate.
 13477 | Gauntlet | Found a transporter.
 13477 | Gauntlet | Found a runed translucent gate.
 13478 | Gauntlet | Found a runed translucent gate.
 13481 | Gauntlet | Found a transporter.
 13481 | Gauntlet | Found a transporter.
 13490 | Gauntlet | Found a transporter.
 13510 | Gauntlet | Noticed a reaper
 13513 | Gauntlet | Found a transporter.
 13530 | Gauntlet | Found a transporter.
 13545 | Gauntlet | Found a transporter.
 13626 | Gauntlet | Killed a death scarab
 13631 | Gauntlet | Reached skill level 10 in Invocations
 13720 | Gauntlet | Identified the amulet "Builua Suro" {Acrobat rElec rC+}
 13940 | Gauntlet | Identified the ring "Cyirooqi" {Slay+4 Stlth+}
 13951 | Gauntlet | Killed a blizzard demon
 13959 | Gauntlet | Identified the +8 falchion "Rigroelywo" {holy, rElec Will+
                  | Str-5 Dex+4}
 14048 | Gauntlet | Found the +3 pair of seven-league boots {Rampage+∞}
 14048 | Gauntlet | Noticed a minotaur
 14065 | Gauntlet | Killed a minotaur
 14516 | D:11     | Reached XP level 12. HP: 107/107 MP: 13/21
 15402 | Lair:1   | Entered Level 1 of the Lair of Beasts
 15466 | Lair:1   | Reached skill level 1 in Earth Magic
 15775 | Lair:1   | Reached skill level 5 in Earth Magic
 15936 | Lair:1   | Learned a level 4 spell: Animate Armour
 16596 | Lair:1   | Reached ***** piety under Sif Muna
 17327 | Lair:2   | Noticed Gastronok
 17389 | Lair:2   | Found the dreamshard necklace {Acrobat *Dream}
 17450 | Lair:2   | Noticed a seven-headed hydra
 17465 | Lair:2   | Killed a seven-headed hydra
 17585 | Lair:2   | Killed Gastronok
 17585 | Lair:2   | Received a gift from Sif Muna
 17681 | Lair:2   | Found a frozen archway.
 17737 | IceCv    | Entered an ice cave
 17827 | IceCv    | Reached XP level 13. HP: 116/116 MP: 10/22
 18230 | IceCv    | Learned a level 5 spell: Lee's Rapid Deconstruction
 18796 | IceCv    | Noticed a reaper
 18805 | IceCv    | Killed a reaper
 19685 | Lair:3   | Found a staircase to the Swamp.
 20264 | Lair:3   | Reached skill level 10 in Earth Magic
 20454 | Lair:3   | Found a hole to the Spider Nest.
 20464 | Lair:3   | Received a gift from Sif Muna
 20474 | Lair:3   | Reached skill level 7 in Summonings
 20558 | Lair:3   | Got Dispater's Guidebook on Outbursts and Phantasms {god
                  | gift}
 21200 | Lair:4   | Noticed ojifijod's ghost (journeyman CoCK)
 21200 | Lair:4   | Found a runed translucent door.
 21765 | Lair:4   | Found a staircase to the Slime Pits.
 22571 | Lair:4   | Killed ojifijod's ghost
 22632 | Lair:5   | Entered Level 5 of the Lair of Beasts
 22884 | Lair:5   | Reached XP level 14. HP: 127/127 MP: 19/24
 23483 | Lair:5   | Received a gift from Sif Muna
 23693 | Lair:5   | Reached skill level 10 in Armour
 23902 | Lair:5   | Identified the serpent talisman of Hiuc {*Slow rN+ rCorr
                  | Dex+2}
 24221 | Lair:5   | Learned a level 2 spell: Lesser Beckoning
 24479 | Lair:5   | Reached skill level 1 in Translocations
 24498 | Lair:5   | Received a gift from Sif Muna
 24697 | Lair:5   | Got Sif Muna's Octavo of the Congealing Summer {god gift}
 25498 | D:12     | Noticed Maurice
 25527 | D:12     | Killed Maurice
 25555 | D:12     | Found a roughly hewn altar of Beogh.
 25555 | D:12     | Found a staircase to the Orcish Mines.
 25645 | D:12     | Noticed Fannar
 25656 | D:12     | Killed Fannar
 25863 | D:12     | Noticed Snorg
 25882 | D:12     | Killed Snorg
 26485 | D:13     | Reached XP level 15. HP: 88/139 MP: 13/25
 26525 | D:13     | Reached skill level 15 in Fighting
 26651 | D:13     | Found a gate to the Vaults.
 27947 | D:14     | Found Oprayl's Distillery.
 28020 | D:14     | Bought a potion of haste for 160 gold pieces
 28471 | D:14     | Received a gift from Sif Muna
 28484 | D:14     | Got Sif Muna's Omnibus of Hermetica and Astrapomancy {god
                  | gift}
 28499 | D:14     | Found a glowing golden altar of the Shining One.
 29275 | D:14     | Identified the ring "Zantuoc" {rElec rPois rC- Str+4
                  | Stlth+}
 29627 | D:15     | Entered Level 15 of the Dungeon
 29871 | D:15     | Identified the +7 plate armour of Honesty {Str+6 Stlth+}
 30052 | D:15     | Found a shimmering blue altar of Sif Muna.
 30508 | D:15     | Found a staircase to the Depths.
 30674 | D:15     | Reached XP level 16. HP: 155/155 MP: 21/26
 30934 | Orc:1    | Entered Level 1 of the Orcish Mines
 31508 | Orc:2    | Entered Level 2 of the Orcish Mines
 31508 | Orc:2    | Found Zurusac's Book Shoppe.
 31591 | Orc:2    | Found Laivvur's Antique Armour Boutique.
 31591 | Orc:2    | Found Unlyokhloi's General Store.
 31594 | Orc:2    | Gained mutation: You have a somewhat thin skeletal
                  | structure. (Dex +2, Stealth+) [a neqoxec]
 31749 | Orc:2    | Found Pepied's Antique Weapon Shop.
 31758 | Orc:2    | Reached skill level 15 in Invocations
 31839 | Orc:2    | Reached ****** piety under Sif Muna
 31839 | Orc:2    | Received a gift from Sif Muna
 32368 | Orc:2    | Got Naig Bywor's Folio of Solvents and the Missiles {god
                  | gift}
 32499 | Orc:2    | Found a staircase to the Elven Halls.
 32727 | Orc:2    | Bought a runed helmet for 225 gold pieces
 32727 | Orc:2    | Bought a runed helmet for 225 gold pieces
 32752 | Orc:2    | Bought a potion of haste for 120 gold pieces
 32871 | Spider:1 | Entered Level 1 of the Spider Nest
 33600 | Spider:1 | Saved by the dreamshard amulet
 34441 | Spider:1 | Identified the +1 lajatang of Midsummer {heavy, rElec rF+
                  | Int+4 Dex+3}
 34563 | Spider:1 | Reached skill level 1 in Staves
 34605 | Spider:1 | Received a gift from Sif Muna
 35167 | Spider:2 | Reached skill level 5 in Staves
 36134 | Spider:2 | Noticed mdonais's ghost (adept CoHu)
 36165 | Spider:2 | Found a transporter.
 36388 | Spider:2 | Found a transporter.
 36751 | Spider:3 | Reached XP level 17. HP: 163/163 MP: 21/29
 36758 | Spider:3 | Received a gift from Sif Muna
 36766 | Spider:3 | Got Sif Muna's Enchiridion on the Congregation and Coffins
                  | {god gift}
 37719 | Spider:4 | Entered Level 4 of the Spider Nest
 38013 | Spider:4 | Reached skill level 10 in Staves
 39861 | Spider:4 | Received a gift from Sif Muna
 39862 | Spider:4 | Got Sif Muna's Papyrus of Moving Erosion {god gift}
 40277 | Spider:4 | Got a gossamer rune of Zot
 40981 | D:1      | Bought a scroll of enchant weapon for 82 gold pieces
 41629 | D:4      | Bought a manual of Translocations for 800 gold pieces
 41635 | D:4      | Learned a level 4 spell: Manifold Assault
 41640 | D:4      | Learned a level 4 spell: Passage of Golubria
 41871 | Swamp:1  | Entered Level 1 of the Swamp
 41991 | Swamp:1  | Identified a scroll of acquirement
 42057 | Swamp:1  | Reached skill level 5 in Translocations
 42358 | Swamp:1  | Noticed Jorgrun
 42364 | Swamp:1  | Killed Jorgrun
 43227 | Swamp:2  | Received a gift from Sif Muna
 43228 | Swamp:2  | Reached XP level 18. HP: 144/172 MP: 23/30
 44118 | Swamp:2  | Reached skill level 10 in Evocations
 44149 | Swamp:3  | Identified the +5 halberd of Qazlal's Generosity {elec,
                  | *Rage Fly rElec rN++}
 44191 | Swamp:3  | Got the Collected Works on Elsewhere
 44320 | Spider:1 | Learned a level 5 spell: Summon Forest
 44956 | Swamp:4  | Entered Level 4 of the Swamp
 45038 | Swamp:4  | Noticed Roxanne
 45092 | Swamp:3  | Reached skill level 8 in Summonings
 45483 | Swamp:4  | Received a gift from Sif Muna
 45484 | Swamp:4  | Got Rusmeom's Vellum of Orientation {god gift}
 45488 | Swamp:4  | Learned a level 2 spell: Blink
 45557 | Swamp:4  | Paralysed by a fenstrider witch for 2 turns
 45563 | Swamp:4  | Reached skill level 1 in Conjurations
 45645 | Swamp:4  | Noticed Mara
 45666 | Swamp:4  | Noticed Daunt's illusion
 45666 | Swamp:4  | Killed Mara
 46096 | Swamp:4  | Reached skill level 5 in Conjurations
 46536 | Swamp:4  | Got a decaying rune of Zot
 46616 | Swamp:4  | Killed Roxanne
 46894 | Vaults:1 | Entered Level 1 of the Vaults
 47161 | Vaults:1 | Identified the +4 robe of Valour {Harm}
 47161 | Vaults:1 | Noticed Boris
 47172 | Vaults:1 | Killed Boris
 47380 | Vaults:1 | Reached XP level 19. HP: 176/179 MP: 24/31
 47449 | Vaults:1 | Received a gift from Sif Muna
 48589 | Vaults:2 | Noticed Sojobo
 48626 | Vaults:2 | Killed Sojobo
 48706 | Vaults:2 | Found Vimud's Weapon Shoppe.
 48943 | Vaults:2 | Reached skill level 5 in Dodging
 49023 | Vaults:2 | Received a gift from Sif Muna
 49870 | Vaults:3 | Reached skill level 15 in Armour
 50160 | Vaults:3 | Found a staircase to the Crypt.
 50414 | Vaults:3 | Paralysed by a formless jellyfish for 1 turns
 50424 | Vaults:3 | Paralysed by a formless jellyfish for 1 turns
 50654 | Vaults:3 | Received a gift from Sif Muna
 50679 | Vaults:3 | Got Sif Muna's Lectures on Lucent Shadows {god gift}
 50798 | Vaults:3 | Noticed Asterion
 50802 | Vaults:3 | Killed Asterion
 50803 | Vaults:3 | Reached skill level 10 in Conjurations
 50803 | Vaults:3 | Reached XP level 20. HP: 175/187 MP: 26/32
 51258 | Vaults:3 | Reached skill level 9 in Summonings
 51568 | Vaults:4 | Reached skill level 10 in Summonings
 52101 | Vaults:4 | Reached skill level 11 in Summonings
 52345 | Vaults:4 | Received a gift from Sif Muna
 52392 | Vaults:4 | Reached skill level 12 in Summonings
 52496 | Vaults:4 | Got Sif Muna's Commentary on Amassed Jinxing {god gift}
 53289 | Depths:1 | Entered Level 1 of the Depths
 53302 | Depths:1 | Reached skill level 13 in Summonings
 53686 | Depths:1 | Identified the +3 robe of the Wheelwright {rPois rF- MP+9
                  | Int-2}
 53686 | Depths:1 | Noticed Boris
 53691 | Depths:1 | Killed Boris
 53829 | Depths:1 | Received a gift from Sif Muna
 53852 | Depths:1 | Got Ciah's Quarto of Vibrant Displacement {god gift}
 53897 | Depths:1 | Found a one-way gate leading to the halls of Pandemonium.
 53903 | Depths:1 | Gained mutation: You occasionally shout uncontrollably at
                  | your foes. [a cacodemon]
 54210 | Depths:1 | Found a gateway to Hell.
 54234 | Depths:1 | Reached skill level 14 in Summonings
 54261 | Depths:1 | Reached XP level 21. HP: 47/194 MP: 29/34
 54890 | Depths:2 | Found a one-way gateway to a ziggurat.
 55095 | Depths:2 | Reached skill level 10 in Spellcasting
 55159 | Depths:2 | Noticed a juggernaut
 55166 | Depths:2 | Killed a juggernaut
 55588 | Depths:2 | Noticed a golden dragon
 55597 | Depths:2 | Killed a golden dragon
 55702 | Depths:2 | Found the +16 obsidian axe {drain, demonic, Mesm ^Drain Fly
                  | SInv}
 56171 | Depths:3 | Identified the +3 robe "Ikijoc" {rF+ Str+2 SInv}
 56171 | Depths:3 | Noticed Boris
 56336 | Depths:2 | Killed Boris
 56898 | Depths:3 | Found a transporter.
 56944 | Depths:3 | Found a one-way gate to the infinite horrors of the Abyss.
 57202 | Depths:3 | Found a portal to a secret trove of treasure.
 57226 | Depths:3 | You paid a toll of 7 scrolls of fear to enter a treasure
                  | trove
 57227 | Trove    | Entered a treasure trove
 57229 | Trove    | Found the +15 Maxwell's patent armour {-Cast -Tele rElec
                  | Will+ rCorr}
 57229 | Trove    | Found the +2 shield of Resistance {rF++ rC++ Will++}
 57236 | Trove    | Identified the +0 pair of gloves of the Doldrums {^Drain
                  | Fly rElec Will-}
 57239 | Trove    | Identified the +1 pair of boots of Untruth {rElec rF+ MP+9
                  | Int+2}
 57242 | Trove    | Identified the +1 scale mail of the Oni {+Inv Will+ SInv}
 57246 | Trove    | Identified the +1 plate armour "Xetrituh" {Rampage +Inv
                  | rC+++ Will-}
 57251 | Trove    | Identified the +1 helmet of Tortured Creativity {Regen+
                  | Str+2 Slay+3}
 57590 | D:11     | Learned a level 6 spell: Bombard
 57598 | D:11     | Learned a level 7 spell: Spellforged Servitor
 58040 | Depths:3 | Found a transporter.
 58245 | Depths:4 | Entered Level 4 of the Depths
 58280 | Depths:4 | Noticed a juggernaut
 58286 | Depths:4 | Killed a juggernaut
 58317 | Depths:4 | Noticed a golden dragon
 58324 | Depths:4 | Killed a golden dragon
 58447 | Depths:4 | Noticed a golden dragon
 58456 | Depths:4 | Killed a golden dragon
 58457 | Depths:4 | Reached skill level 15 in Summonings
 58586 | Depths:4 | Received a gift from Sif Muna
 58587 | Depths:4 | Got Noucos's Opusculum on Charged Illusion {god gift}
 58804 | Depths:4 | Noticed a juggernaut
 58808 | Depths:4 | Killed a juggernaut
 59264 | Depths:4 | Found a gate to the Realm of Zot.
 59644 | Depths:4 | Identified the +7 flail of Bespelled True Grit {freeze,
                  | MP+9}
 59741 | Depths:4 | Reached XP level 22. HP: 170/202 MP: 37/37
 60443 | Spider:2 | Paralysed by a jorogumo for 2 turns
 60619 | Spider:2 | Killed mdonais's ghost
 60727 | Spider:2 | Identified the +3 hat of Intercession {rN++ Will+ Int-5}
 61019 | D:4      | Killed Bravepunisher's ghost
 61269 | Elf:1    | Entered Level 1 of the Elven Halls
 61297 | Elf:1    | Found a radiant altar of Vehumet.
 61372 | Elf:1    | Noticed Donald
 61378 | Elf:1    | Killed Donald
 61459 | Elf:1    | Found a transporter.
 61464 | Elf:1    | Found a bloodstained altar of Trog.
 61529 | Elf:1    | Found a transporter.
 61530 | Elf:1    | Noticed Vaixt's ghost (adept DsGl)
 61537 | Elf:1    | You fall into a shaft and drop 1 floor!
 61537 | Elf:2    | Found a runed translucent gate.
 61537 | Elf:2    | Found a runed translucent gate.
 61537 | Elf:2    | Found a runed translucent gate.
 61538 | Elf:2    | Identified the serpent talisman "Vuxena" {+Blink Str-2
                  | Dex+6 SInv}
 61538 | Elf:2    | Noticed Aizul
 61972 | Elf:1    | Reached skill level 16 in Summonings
 62362 | Elf:1    | Identified the +8 plate armour of Indecent Exposure {Str-5
                  | Dex+5 Stlth+}
 62408 | Elf:1    | Received a gift from Sif Muna
 62445 | Elf:1    | Got Sif Muna's Grimoire of Hurtful Arson {god gift}
 62914 | Elf:2    | Noticed Saint Roka
 62964 | Elf:2    | Killed Saint Roka
 63378 | Elf:2    | Killed Aizul
 63994 | Elf:1    | Killed Vaixt's ghost
 64168 | Elf:3    | Entered Level 3 of the Elven Halls
 64372 | Elf:2    | Found an ancient bone altar of Kikubaaqudgha.
 64870 | Elf:3    | Identified the ring of Midsummer {+Blink AC+4}
 64886 | Elf:3    | Reached skill level 17 in Summonings
 64888 | Elf:3    | Received a gift from Sif Muna
 64995 | Elf:3    | Identified the +8 falchion of Lust {spect, rN++ Will- Int+2
                  | Dex+3}
 64995 | Elf:3    | Identified the ring "Matt" {rF+ Str+2 Dex+2 Slay+2 SInv}
 65015 | Elf:3    | Reached XP level 23. HP: 205/208 MP: 40/40
 65043 | Elf:3    | Got Sif Muna's Second Course in Willworking {god gift}
 66031 | Slime:1  | Entered Level 1 of the Pits of Slime
 66253 | Slime:2  | Gained mutation: You sometimes lose your temper in combat.
                  | [a shining eye]
 66265 | Slime:2  | Paralysed by a formless jellyfish for 1 turns
 66266 | Slime:2  | Reached skill level 15 in Conjurations
 66430 | Slime:4  | Received a gift from Sif Muna
 66482 | Slime:4  | Got Sif Muna's Cyclopedia of the Metamorphic Boggart {god
                  | gift}
 66510 | Slime:5  | Entered Level 5 of the Pits of Slime
 67621 | Slime:5  | Gained mutation: You expend magic power (3 MP) to
                  | strengthen your wands. [a shining eye]
 68545 | Slime:5  | Lost mutation: You have a somewhat thin skeletal structure.
                  | (Dex +2, Stealth+) [potion of mutation]
 68545 | Slime:5  | Lost mutation: You occasionally shout uncontrollably at
                  | your foes. [potion of mutation]
 68545 | Slime:5  | Gained mutation: You are partially covered in iridescent
                  | scales. (AC +2) [potion of mutation]
 68545 | Slime:5  | Gained mutation: You do not regenerate when monsters are
                  | visible. [potion of mutation]
 68546 | Slime:5  | Lost mutation: You do not regenerate when monsters are
                  | visible. [potion of mutation]
 68546 | Slime:5  | Lost mutation: You are partially covered in iridescent
                  | scales. (AC +2) [potion of mutation]
 68546 | Slime:5  | Lost mutation: You expend magic power (3 MP) to strengthen
                  | your wands. [potion of mutation]
 68546 | Slime:5  | Gained mutation: You are occasionally teleported next to
                  | monsters. [potion of mutation]
 68546 | Slime:5  | Gained mutation: You have a pair of small antennae on your
                  | head. [potion of mutation]
 68546 | Slime:5  | Gained mutation: Your mind is acute. (Int +4, Str/Dex -1)
                  | [potion of mutation]
 68546 | Slime:5  | Gained mutation: You are agile. (Dex +4, Str/Int -1)
                  | [potion of mutation]
 68547 | Slime:5  | Lost mutation: You sometimes lose your temper in combat.
                  | [potion of mutation]
 68547 | Slime:5  | Lost mutation: Your mind is acute. (Int +4, Str/Dex -1)
                  | [potion of mutation]
 68547 | Slime:5  | Gained mutation: Your muscles are strong. (Str +4, Int/Dex
                  | -1) [potion of mutation]
 68548 | Slime:5  | Lost mutation: You are occasionally teleported next to
                  | monsters. [potion of mutation]
 68548 | Slime:5  | Lost mutation: You are agile. (Dex +4, Str/Int -1) [potion
                  | of mutation]
 68548 | Slime:5  | Lost mutation: You have a pair of small antennae on your
                  | head. [potion of mutation]
 68548 | Slime:5  | Gained mutation: You possess an exceptional clarity of
                  | mind. [potion of mutation]
 68548 | Slime:5  | Gained mutation: You are partially covered in large bone
                  | plates. (SH +4) [potion of mutation]
 68548 | Slime:5  | Gained mutation: You have a beak for a mouth. [potion of
                  | mutation]
 68573 | Slime:5  | Noticed the Royal Jelly
 68578 | Slime:5  | Killed the Royal Jelly
 69100 | Slime:5  | Identified the +1 flail of Valuable Assets {flame, rPois
                  | rN+++ MP+9 Str-4}
 69164 | Slime:5  | Identified the +1 helmet of the Loofah {rPois rF+ Str+2}
 69185 | Slime:5  | Got a slimy rune of Zot
 69186 | Slime:5  | Identified the +1 robe of Gozag, Cursing {Will+ Dex+2}
 69199 | Slime:5  | Identified the +5 ring mail "Xachaz" {Fly rC+ Str+2}
 69202 | Slime:5  | Identified the +2 lajatang of the Evening {spect, Fly rC++
                  | Int-2 Stlth+}
 69340 | Slime:5  | Identified the +2 morningstar "Offianacs" {freeze, Dex+4}
 69436 | Slime:5  | Learned a level 7 spell: Malign Gateway
 69777 | D:4      | Learned a level 8 spell: Summon Horrible Things
 69816 | D:5      | Bought 2 potions of mutation for 224 gold pieces
 69816 | D:5      | Bought a lightning rod (4/4) for 560 gold pieces
 69819 | D:5      | Acquired 490 gold pieces
 69882 | D:7      | Bought a scroll of summoning for 323 gold pieces
 69882 | D:7      | Bought a scroll of blinking for 255 gold pieces
 69882 | D:7      | Bought a potion of mutation for 272 gold pieces
 69882 | D:7      | Bought a scroll of teleportation for 102 gold pieces
 70786 | D:14     | Bought a potion of mutation for 128 gold pieces
 70786 | D:14     | Bought a potion of heal wounds for 80 gold pieces
 70786 | D:14     | Bought a potion of heal wounds for 80 gold pieces
 71434 | Zot:1    | Entered Level 1 of the Realm of Zot
 71477 | Zot:1    | Received a gift from Sif Muna
 71538 | Zot:1    | Reached skill level 18 in Summonings
 71592 | Zot:1    | Got Irefeydu's Parchment of the Beggar {god gift}
 71729 | Zot:1    | Noticed a Killer Klown
 71738 | Zot:1    | Killed a Killer Klown
 71745 | Zot:1    | Reached XP level 24. HP: 65/218 MP: 16/40
 71804 | Zot:1    | Noticed a Killer Klown
 72246 | Zot:2    | Reached skill level 19 in Summonings
 73030 | Zot:1    | Noticed a Killer Klown
 73035 | Zot:1    | Killed a Killer Klown
 73048 | Zot:1    | Killed a Killer Klown
 73347 | Zot:1    | Reached skill level 20 in Summonings
 73659 | Zot:1    | Received a gift from Sif Muna
 73672 | Zot:1    | Noticed an orb of fire
 73678 | Zot:1    | Killed an orb of fire
 73787 | Zot:1    | Got Sif Muna's Octavo of the Solid Deep Freeze {god gift}
 74334 | Zot:1    | Identified the +0 ring mail "Aliaff" {rElec rPois Will+++
                  | Slay-6}
 74747 | Zot:2    | Reached skill level 21 in Summonings
 74858 | Zot:2    | Learned a level 3 spell: Passwall
 75399 | Zot:3    | Noticed Vv
 76006 | Zot:3    | Noticed an orb of fire
 76008 | Zot:3    | Gained mutation: You have hidden genetic defects. [an orb
                  | of fire]
 76010 | Zot:3    | Gained mutation: You occasionally lose the ability to read
                  | scrolls when taking damage. [an orb of fire]
 76018 | Zot:3    | Killed an orb of fire
 76019 | Zot:3    | Lost mutation: You are partially covered in large bone
                  | plates. (SH +4) [potion of mutation]
 76019 | Zot:3    | Lost mutation: Your muscles are strong. (Str +4, Int/Dex
                  | -1) [potion of mutation]
 76019 | Zot:3    | Lost mutation: You occasionally lose the ability to read
                  | scrolls when taking damage. [potion of mutation]
 76019 | Zot:3    | Gained mutation: You are robust. (+10% HP) [potion of
                  | mutation]
 76019 | Zot:3    | Gained mutation: You are covered in fur. (AC +1) [potion of
                  | mutation]
 76021 | Zot:3    | Lost mutation: You possess an exceptional clarity of mind.
                  | [potion of mutation]
 76021 | Zot:3    | Lost mutation: You have a beak for a mouth. [potion of
                  | mutation]
 76021 | Zot:3    | Gained mutation: Your spells are a little harder to cast,
                  | but a little more powerful. [potion of mutation]
 76021 | Zot:3    | Gained mutation: You possess an exceptional clarity of
                  | mind. [potion of mutation]
 76021 | Zot:3    | Lost mutation: Your spells are a little harder to cast, but
                  | a little more powerful. [potion of mutation]
 76390 | Zot:3    | You fall into a shaft and drop 1 floor!
 76794 | Zot:3    | Killed Vv
 77021 | Zot:4    | Reached skill level 22 in Summonings
 77025 | Zot:4    | Received a gift from Sif Muna
 77026 | Zot:4    | Got Sif Muna's Compilation of Angles and the Quake {god
                  | gift}
 77120 | Zot:4    | Reached XP level 25. HP: 163/248 MP: 3/40
 77372 | Zot:4    | Gained mutation: You occasionally shout uncontrollably at
                  | your foes. [hidden defects]
 77685 | Zot:4    | Noticed an orb of fire
 77842 | Zot:5    | Entered Level 5 of the Realm of Zot
 78258 | Zot:5    | Noticed an orb of fire
 78273 | Zot:5    | Killed an orb of fire
 78277 | Zot:5    | Noticed an orb of fire
 78297 | Zot:5    | Noticed an orb of fire
 78297 | Zot:5    | Noticed an orb of fire
 78297 | Zot:5    | Killed an orb of fire
 78476 | Zot:5    | Noticed a Killer Klown
 78483 | Zot:5    | Killed a Killer Klown
 78497 | Zot:5    | Noticed an orb of fire
 78498 | Zot:5    | Noticed an orb of fire
 78506 | Zot:5    | Noticed a Killer Klown
 78515 | Zot:5    | Lost mutation: You possess an exceptional clarity of mind.
                  | [an orb of fire]
 78522 | Zot:5    | Killed an orb of fire
 78525 | Zot:5    | Gained mutation: You occasionally lose the ability to read
                  | scrolls when taking damage. [hidden defects]
 78525 | Zot:5    | Lost mutation: You have hidden genetic defects. [hidden
                  | defects expressed]
 78526 | Zot:5    | Killed a Killer Klown
 78527 | Zot:5    | Lost mutation: You occasionally lose the ability to read
                  | scrolls when taking damage. [potion of mutation]
 78527 | Zot:5    | Lost mutation: You are covered in fur. (AC +1) [potion of
                  | mutation]
 78527 | Zot:5    | Lost mutation: You are robust. (+10% HP) [potion of
                  | mutation]
 78534 | Zot:5    | Noticed an ancient lich
 78540 | Zot:5    | Killed an ancient lich
 78681 | Zot:5    | Noticed an ancient lich
 78697 | Zot:5    | Killed an ancient lich
 78945 | Zot:5    | Killed an orb of fire
 78946 | Zot:5    | Reached skill level 10 in Dodging
 78947 | Zot:5    | Gained mutation: You are clumsy. (Dex -2) [an orb of fire]
 78948 | Zot:5    | Killed an orb of fire
 78949 | Zot:5    | Killed an orb of fire
 79227 | Zot:5    | Noticed an orb of fire
 79234 | Zot:5    | Killed an orb of fire
 79236 | Zot:5    | Received a gift from Sif Muna
 79640 | Zot:5    | Noticed a dread lich
 79659 | Zot:5    | Killed a dread lich
 79660 | Zot:5    | Reached skill level 10 in Translocations
 79733 | Zot:5    | Noticed a Killer Klown
 79747 | Zot:5    | Killed a Killer Klown
 80359 | Zot:5    | Got the Orb of Zot
 80729 | D:14     | Noticed Inko the pandemonium lord
 80890 | D:7      | Reached XP level 26. HP: 232/244 MP: 40/40
 80962 | D:$      | Escaped with the Orb!

Illustrated notes

Levels and vault maps discovered:
D:1:      tarquinn_simple_flora_water_c, layout_basic, serial_shops, shop,
          serial_bayou_pond_c, minmay_tiny_reverse_x
D:2:      minmay_wonky_spiral, layout_basic
D:3:      layout_basic, marbit_many_paths
D:4:      minmay_diamond_boxcup, layout_basic,
          mainiacjoe_overflow_cross_hatched, mainiacjoe_overflow_24_doors,
          serial_shops, nicolae_book_shop_shelving, gammafunk_ghost_smash,
          pf_guarded_unrand_delatra
D:5:      layout_basic, bloody_makhleb, fiery_altar_vehumet,
          minmay_temple_entry_stoned_glass, serial_shops, shop
D:6:      layout_basic
D:7:      layout_basic, serial_shops, nicolae_shop_advertising_works
          [nicolae_subvault_shop_adworks]
D:8:      layout_rooms, old_standard_altar, serial_ice, serial_ice_k,
          serial_ice_e, serial_ice_d, serial_ice_m, hangedman_misty_isle
D:9:      nicolae_cairo_tiling_very_big, layout_irregular_city,
          elyvilon_altar_1, enter_bailey_5
D:10:     layout_basic, nicolae_overflow_crystal_walls
D:11:     layout_grid_maze, hellmonk_lair_entry_icy, gauntlet_entry_generic
D:12:     layout_rooms, david_orc_5, uniq_snorg, uniq_maurice, uniq_fannar
D:13:     layout_cave_pods, david_vaults_5, minmay_circle_x
D:14:     minmay_the_grid_octo_2x2 [minmay_the_grid_octo_checkered,
          minmay_the_grid_octo_horde, minmay_the_grid_octo_fan_narrow,
          minmay_the_grid_octo_prize_star], layout_cave_pools, serial_shops,
          shop_coins, tso_metal_star, minmay_door_square
D:15:     grunt_enter_depths_hoard, layout_loops_corners, led_sif_pool
Lair:1:   layout_cave_pods, kennysheep_rathole, serial_bayou_shore_a,
          lemuel_fruit_tree, grunt_megastairs_5
Lair:2:   layout_regular_city, portal_ice_cave_demonic_guard,
          grunt_forest_small_clearings, uniq_gastronok
Lair:3:   layout_chaotic_city, swamp_mist_pool,
          nicolae_spider_entry_non_spiders, patterned_corridor
Lair:4:   layout_regular_city, slime_entry_1, hellmonk_ghost_happy_afterlife,
          chequers_serial_rivers_small_3, grunt_megastairs_1
Lair:5:   wormcave, layout_cave_shapes, hangedman_lair_caniforms_friends
Swamp:1:  layout_falls_marsh, nicolae_swamp_little_tower, uniq_jorgrun
Swamp:2:  nzn_winding_woodlands_small [nzn_winding_woodlands_5x15_zeroes,
          nzn_winding_woodlands_center_garden,
          nzn_winding_woodlands_5x15_sidewinder], layout_falls_marsh,
          evilmike_swamp_ruin_rubble_1, swamp_pool_1_2,
          nicolae_swamp_wisp_ring_woods, infiniplex_staircase_pool_2
Swamp:3:  layout_falls_marsh, evilmike_swamp_ruin_house_4
Swamp:4:  nzn_swamp_witches_coven, layout_basic_swamp,
          infiniplex_staircase_pool, uniq_roxanne, uniq_mara
Spider:1: layout_spider_delve, nicolae_spider_claw_tunnel
Spider:2: layout_chambers, gammafunk_ghost_arena
Spider:3: layout_spider_delve, nicolae_spider_swamp_cousins
Spider:4: grunt_spider_rune_parallel
Slime:1:  layout_caves
Slime:2:  layout_caves
Slime:3:  layout_caves
Slime:4:  layout_caves, nicolae_slime_round_cave
Slime:5:  slime_pit_nicolae_amoeboid
Orc:1:    layout_diamond_mine
Orc:2:    grunt_orc_gardens, layout_diamond_mine, grunt_orc_garden,
          grunt_orc_garden, grunt_orc_garden, grunt_orc_garden
Elf:1:    eino_elf_arrival_altar, layout_loops_corners,
          gammafunk_ghost_wrathful_warriors, minmay_elf_necromancy,
          st_stairs_13, uniq_donald
Elf:2:    nicolae_elf_blades_splatter_lattice [mumra_blade_entry_bloodbath],
          layout_loops_ring, lemuel_upstairs_altar, uniq_aizul, uniq_saint_roka
Elf:3:    minmay_elf_hall_hex, layout_onion_city
Vaults:1: nicolae_vaults_network_barrier, nicolae_vaults_turnstiles,
          nicolae_vaults_big_angled_halls, hangedman_vaults_slither, v_misc_3,
          v_alt_pattern_6, v_pattern_4, nicolae_vaults_lightning_bolt,
          nicolae_vaults_trapezoid_lopsided_2,
          nicolae_vaults_trapezoid_lopsided_1, nicolae_vaults_diamond_1,
          nicolae_vaults_apartment_1, v_misc_23, layout_vaults_omnibox,
          uniq_boris
Vaults:2: v_pattern_1, nicolae_vaults_octothorpe, hangedman_vaults_restitches,
          vaults_room_corners, nicolae_vaults_closet_pinwheel_1,
          nicolae_vaults_house_3, nicolae_vaults_more_shelving_1,
          layout_vaults_omnigrid, serial_shops, shop, uniq_sojobo
Vaults:3: nicolae_vaults_windows_and_doors_thing,
          minmay_crypt_entry_simple_statues, nicolae_vaults_network_star,
          nicolae_vaults_six-pack, grunt_vaults_swirl,
          nicolae_vaults_diagonal_hallway_9,
          vaults_standard_mumra_enter_the_diamond,
          nicolae_vaults_little_squares_4, vaults_dpeg_diagonal,
          nicolae_vaults_diamond_2, layout_vaults_omnicross, uniq_asterion
Vaults:4: nicolae_vaults_triangles, nicolae_vaults_hexular_roomagon,
          nicolae_vaults_thirteen_compartments, nicolae_vaults_apartment_1,
          nicolae_vaults_octothorpe, nicolae_vaults_closet_pinwheel_1,
          nicolae_vaults_swerve, nicolae_vaults_tangram_1,
          nicolae_vaults_storage_room_water, nicolae_vaults_tetromino_L_1,
          nicolae_vaults_trapezoid_lopsided_3, v_misc_4,
          nicolae_vaults_wine_cellar, nicolae_vaults_variable_pillar_hall,
          ontoclasm_vaults_chip, nicolae_vaults_apartment_1, vaults_dpeg_cross,
          layout_vaults_ring
Depths:1: layout_forbidden_donut, grunt_hell_horde, grunt_pan_entry_zigzag,
          kennysheep_path_1, lemuel_old_faithful, grunt_megastairs_2
Depths:2: kennysheep_oblong_rooms, layout_long_grid, enter_ziggurat_d,
          rand_demon_pan_entry_4, hell_entry, hangedman_abyss_or_decor_passed
Depths:3: gammafunk_dig_for_victory, layout_cave_shapes, abyss_entry,
          pf_coc_iceberg, enter_trove_1, grunt_ministairs_13,
          wad_floor_pattern_untrapped
Depths:4: grunt_zot_entry_gee_three, layout_twisted_cross, serial_glass,
          glass_columns_a, glass_columns_a, grunt_hell_entry_dis_old,
          abyss_entry_small_statue_room
Zot:1:    cheibrodos_zot_enchanting_chambers, layout_basic, grunt_megastairs_4
Zot:2:    layout_gridlike, grunt_megastairs_3
Zot:3:    layout_basic, uniq_vv
Zot:4:    layout_onion, nrook_zot_tub
Zot:5:    layout_gridlike

Skill      XL: |  1  2  3  4  5  6  7  8  9 10 11 12 13 14 15 16 17 18 19 20 21 22 23 24 25 |
---------------+----------------------------------------------------------------------------+-----
Fighting       | 1 2 3 4 5 6 10 11 12 14 17 18 21 | 21.2
Spellcasting   | 2 3 4 6 7 8 9 11 13 | 13.8
Summonings     | 5 6 7 8 14 15 17 18 22 | 22.0
Polearms       | 1 4 5 6 |  6.3
Fire Magic     | 7 8 |  8.0
Invocations    | 1 5 11 14 16 17 | 17.4
Evocations     | 5 6 7 10 | 10.0
Armour         | 5 6 8 11 12 13 15 16 18 | 18.0
Dodging        | 2 3 4 6 7 8 10 | 10.6
Shields        | 5 6 |  6.0
Earth Magic    | 8 10 | 10.2
Translocations | 3 7 9 10 | 10.0
Staves         | 8 13 | 13.3
Conjurations   | 7 10 12 14 15 | 15.0
Stealth        | |  1.4

Action                     |  1- 3 |  4- 6 |  7- 9 | 10-12 | 13-15 | 16-18 | 19-21 | 22-24 | 25-27 || total
---------------------------+-------+-------+-------+-------+-------+-------+-------+-------+-------++-------
  Melee: Unarmed           |     7 |       |       |       |       |       |       |       |       ||     7
         Mace              |     6 |       |       |       |       |       |       |       |       ||     6
         Club              |     2 |       |       |       |       |       |       |       |       ||     2
         Spear             |       |    23 |       |   314 |  1066 |   570 |       |       |       ||  1973
         Halberd           |       |    33 |   187 |   125 |       |       |       |       |       ||   345
         Dagger            |       |     3 |       |       |       |       |       |       |       ||     3
         Long sword        |       |       |       |     1 |     6 |       |       |       |       ||     7
         Lajatang          |       |       |       |       |       |   657 |  1161 |  1237 |   219 ||  3274
         Staff             |       |       |       |       |       |       |    21 |       |       ||    21
         Peck              |       |       |       |       |       |       |       |   108 |       ||   108
   Fire: Sling             |       |       |       |     1 |       |       |       |       |       ||     1
  Throw: Stone             |       |       |       |     2 |     1 |     3 |     1 |       |       ||     7
   Cast: Summon Small Mamm |    33 |    53 |    55 |    52 |     1 |     1 |       |       |       ||   195
         Call Imp          |    18 |    26 |    39 |    42 |     3 |       |       |       |       ||   128
         Call Canine Famil |       |     5 |    31 |    31 |    12 |     2 |     2 |       |       ||    83
         Summon Blazeheart |       |       |    15 |    83 |    57 |    32 |     6 |       |       ||   193
         Maxwell's Capacit |       |       |       |     1 |       |       |       |     1 |       ||     2
         Animate Armour    |       |       |       |    11 |   147 |   197 |   106 |    95 |    22 ||   578
         Lee's Rapid Decon |       |       |       |       |     2 |     6 |       |       |       ||     8
         Lesser Beckoning  |       |       |       |       |       |    24 |    43 |    14 |       ||    81
         Manifold Assault  |       |       |       |       |       |    35 |    40 |   136 |    46 ||   257
         Chain Lightning   |       |       |       |       |       |     1 |       |       |       ||     1
         Dragon's Call     |       |       |       |       |       |       |     1 |       |       ||     1
         Spellforged Servi |       |       |       |       |       |       |     6 |    91 |    23 ||   120
         Bombard           |       |       |       |       |       |       |     2 |       |       ||     2
         Summon Forest     |       |       |       |       |       |       |       |     1 |       ||     1
         Blink             |       |       |       |       |       |       |       |     4 |     1 ||     5
         Malign Gateway    |       |       |       |       |       |       |       |     9 |    23 ||    32
         Summon Horrible T |       |       |       |       |       |       |       |     4 |    12 ||    16
 Invoke: Divine Exegesis   |       |       |       |     1 |       |     1 |     1 |     1 |       ||     4
         Channel Magic     |       |       |       |       |       |     2 |       |     2 |     2 ||     6
  Evoke: Wand              |       |       |       |     1 |       |     1 |     4 |     4 |     5 ||    15
         Phantom mirror    |       |       |       |       |       |       |     1 |       |       ||     1
         Condenser vane    |       |       |       |       |       |       |       |     1 |       ||     1
    Use: Potion            |       |     2 |     1 |     3 |       |     3 |     1 |    13 |     2 ||    25
         Scroll            |       |       |     8 |     9 |     9 |    11 |     6 |    23 |     4 ||    70
   Stab: Distracted        |       |     1 |     6 |     7 |     3 |     5 |     7 |    12 |       ||    41
 Armour: Robe              |    21 |     7 |       |       |       |       |       |       |       ||    28
         Scale mail        |       |    16 |       |       |       |       |       |       |       ||    16
         Ring mail         |       |     8 |   173 |   391 |    67 |       |       |       |       ||   639
         Plate armour      |       |       |       |       |   970 |  1612 |  1349 |   774 |       ||  4705
         Gold dragon scale |       |       |       |       |       |       |       |   563 |   256 ||   819
  Dodge: Dodged            |    23 |    31 |    93 |   223 |   371 |   677 |   857 |   672 |   107 ||  3054
         Repelled          |       |       |       |     5 |     5 |     3 |    18 |    39 |     8 ||    78
  Block: Buckler           |       |       |       |    40 |   224 |   170 |       |       |       ||   434
         Other             |       |       |       |       |       |       |       |    53 |       ||    53

Table legend: (Time is in decaauts)
 A = Elapsed time spent in this place.
 B = Non-inter-level travel time spent in this place.
 C = Inter-level travel time spent in this place.
 D = Time resting spent in this place.
 E = Time spent auto-exploring this place.
 F = Levels seen in this place.
 G = Mean time per level.
                   A        B        C        D        E       F      G
               +--------+--------+--------+--------+--------+-----+--------+
         Total |  81285 |  69993 |  11292 |   8520 |  39634 |  55 | 1477.9 |
       Dungeon |  23939 |  18654 |   5285 |   1589 |  11007 |  15 | 1595.9 |
          Lair |  10131 |   8047 |   2084 |    368 |   5556 |   5 | 2026.2 |
         Swamp |   4618 |   4101 |    517 |    582 |   2356 |   4 | 1154.5 |
   Spider Nest |   7752 |   6766 |    986 |   1447 |   2944 |   4 | 1938.0 |
    Slime Pits |   3556 |   3399 |    157 |   1118 |   1032 |   5 |  711.2 |
  Orcish Mines |   1717 |   1564 |    153 |    141 |   1001 |   2 |  858.5 |
   Elven Halls |   4560 |   4176 |    384 |    221 |   2785 |   3 | 1520.0 |
        Vaults |   6706 |   6189 |    517 |    198 |   4382 |   4 | 1676.5 |
        Depths |   6363 |   5566 |    797 |    562 |   3136 |   4 | 1590.8 |
           Zot |   9245 |   8837 |    408 |   1501 |   4721 |   5 | 1849.0 |
         Trove |     37 |     37 |      0 |      0 |      0 |   1 |   37.0 |
        Bailey |    689 |    689 |      0 |    230 |     84 |   1 |  689.0 |
      Ice Cave |   1164 |   1164 |      0 |    389 |    445 |   1 | 1164.0 |
      Gauntlet |    801 |    801 |      0 |    174 |    183 |   1 |  801.0 |
               +--------+--------+--------+--------+--------+-----+--------+

Top non-repeatable levels by time:
   Zot:1: 3024 daAuts
  Lair:5: 2792 daAuts
   Zot:5: 2403 daAuts
    D:11: 2391 daAuts
Spider:1: 2201 daAuts
  Lair:1: 2154 daAuts
    D:13: 2131 daAuts
     D:8: 2052 daAuts
Spider:4: 2048 daAuts
  Lair:3: 1991 daAuts
    D:14: 1965 daAuts
Vaults:4: 1951 daAuts
Spider:2: 1922 daAuts
   Zot:3: 1836 daAuts
Depths:4: 1806 daAuts
